AoeStats
← MattAtArms

Arabia

518437550Analyzed
1v1 RM · 3d ago on Nov 3, 2026· 57m 45s· 2 players
Game mode
Random Map
Map size
Tiny (2 player)
Population
200
Speed
Normal
Resources
Standard
Victory
Conquest
Starting age
Dark Age
Ending age
Imperial Age
RankedLock teamsTeams togetherTeam positionsShared explorationLock speedFull tech treeHidden civsTurbo modeCheats
Victory
Defeat
🇩🇪 Dravidians · Germany
2337
+4
vs
🇬🇧 Bohemians · United Kingdom
1984
-4
Valle
6:12 Loom
9:15 Feudal Age
9:55 Man-at-Arms
10:54 Double-Bit Axe
15:46 Fletching
21:15 Castle Age
20:00 Horse Collar
20:23 Gold Mining
21:26 Crossbowman
22:17 Bodkin Arrow
23:34 Ballistics
24:13 Wheelbarrow
24:01 Bow Saw
24:48 Elite Skirmisher
29:25 Padded Archer Armor
31:03 Leather Archer Armor
32:53 Town Watch
37:17 Imperial Age
36:27 Hand Cart
37:59 Bracer
39:06 Chemistry
39:05 Ring Archer Armor
42:06 Conscription
42:28 Heavy Plow
42:40 Guilds
43:11 Medical Corps
44:19 Squires
43:39 Pikeman
44:42 Thumb Ring
45:57 Arbalester
47:46 Elite Elephant Archer
48:48 Masonry
50:56 Husbandry
51:56 Scale Barding Armor
52:00 Light Cavalry
54:26 Chain Barding Armor
55:08 Forging
58:59 Iron Casting
MattAtArms
8:19 Loom
8:25 Loom
11:12 Feudal Age
11:23 Man-at-Arms
11:49 Double-Bit Axe
13:24 Horse Collar
15:37 Fletching
21:19 Castle Age
19:54 Padded Archer Armor
21:24 Crossbowman
22:03 Bodkin Arrow
22:21 Bow Saw
24:06 Ballistics
24:09 Town Watch
25:00 Wheelbarrow
26:34 Chemistry
30:33 Leather Archer Armor
31:51 Hand Cart
35:43 Imperial Age
34:47 Heavy Plow
35:56 Arbalester
36:36 Bracer
37:08 Ring Archer Armor
37:47 Conscription
38:47 Houfnice
40:24 Scale Barding Armor
40:29 Forging
40:36 Cavalier
41:21 Husbandry
42:24 Chain Barding Armor
42:39 Iron Casting
45:42 Blast Furnace
44:46 Elite Skirmisher
46:04 Siege Engineers
48:25 Masonry
51:31 Light Cavalry
52:28 Wagenburg Tactics
56:39 Pikeman
57:23 Halberdier
Connection lost

Rejoining the realm…

Still unreachable

The connection could not be restored.

Session expired

The server has moved on; the page needs a fresh start.